cohdb
Replays
Latest Replays
All Replays
Popular Replays
Top Player Replays
Match Explorer
How It Works
Community
CoH3 Stats
Reddit
Sign in to upload your games and track your stats! →
Sign in with Steam
Match 46225848
Unlisted
Match 46225848
Overview
Messages
Build Orders
End
Engineer Squad
Selects Special Operations Battlegroup
Selects M29 Weasel Recon Vehicle
M29 Weasel Recon Vehicle
Construct Barracks
Riflemen Squad
Riflemen Squad
Construct Medical Station
Mechanized Support Center
Riflemen Squad
Grenade Package
Construct Motor Pool
Selects Smoke Screen
Smoke Screen
M16 Multiple Gun Motor Carriage
Selects SSF Commando Squad
SSF Commando Squad
M3 75 mm Gun Motor Carriage
Construct Tank Depot
Selects Air Re-supply Operation
Designate Forward Repair Station
M4A1 Sherman Medium Tank
Smoke Screen
noneandnull
Olg
0
0
Comments
sign in to comment!
No comments posted yet!